 Dungeon Crawl Stone Soup version 0.24.0-125-gc4c63601f3 (webtiles) character file.

Game seed: 5969539359147770322, levelgen mode: deterministic

11232 Johnny the Geomancer (level 11, -19/74 HPs)
             Began as a Demigod Earth Elementalist on Feb 22, 2020.
             Demolished by a death knight
             ... wielding a +0 battleaxe
              (36 damage)
             ... on level 11 of the Dungeon.
             The game lasted 00:14:56 (12417 turns).

Johnny the Geomancer (Demigod Earth Elementalist)  Turns: 12417, Time: 00:14:57

Health: -19/74     AC:  7    Str: 11    XL:     11   Next: 23%
Magic:  6/30       EV: 12    Int: 25    God:
Gold:   772        SH:  5    Dex: 16    Spells: 14/31 levels left

rFire    . . .     SeeInvis .   E - +2 whip (elec)
rCold    . . .     Gourm    .   L - +0 buckler
rNeg     + . .     Faith    .   h - +0 robe "Deush" {MR+}
rPois    .         Spirit   .   t - +2 helmet
rElec    .         Reflect  .   y - +0 cloak
rCorr    .         Harm     .   s - +0 pair of gloves
MR       ++...                  (no boots)
Stlth    ++........             u - amulet of rage
HPRegen  0.22/turn              Q - ring of wizardry
MPRegen  0.22/turn              G - ring of positive energy

@: starving
A: high mp 1
a: Evoke Berserk Rage


You were on level 11 of the Dungeon.
You were starving.

You visited 1 branch of the dungeon, and saw 11 of its levels.

You collected 772 gold pieces.

Inventory:

Hand Weapons
 E - a +2 whip of electrocution (weapon)
Missiles
 b - 166 stones (quivered)
Armour
 h - the +0 robe "Deush" (worn) {MR+}
   (You found it on level 4 of the Dungeon)

   It affects your resistance to hostile enchantments.
 s - a +0 pair of gloves (worn)
 t - a +2 helmet (worn)
 y - a +0 cloak (worn)
 L - a +0 buckler (worn)
Magical Staves
 K - an uncursed staff of fire {unknown}
Jewellery
 u - an amulet of rage (around neck)
 G - a ring of positive energy (right hand)
 Q - a ring of wizardry (left hand)
Wands
 c - a wand of polymorph (21)
 w - a wand of flame (31)
 D - a wand of digging (1)
Scrolls
 e - 5 scrolls of enchant armour
 i - 4 scrolls of remove curse
 j - 5 scrolls of fog
 k - 5 scrolls of amnesia
 r - 2 scrolls of immolation
 v - 4 scrolls of teleportation
 z - 2 scrolls of blinking
 F - a scroll of fear
 H - a scroll of noise
 J - a scroll of magic mapping
 N - a scroll of holy word
Potions
 g - 3 potions of flight
 l - 6 potions of mutation
 m - 4 potions of haste
 n - a potion of magic
 o - 2 potions of ambrosia
 p - 2 potions of heal wounds
 q - a potion of berserk rage
 A - a potion of resistance
 B - 3 potions of curing
 C - 2 potions of cancellation
 I - a potion of invisibility
 M - a potion of degeneration
 P - a potion of lignification {unknown}
Comestibles
 d - 27 rations


   Skills:
 - Level 1.7 Dodging
 - Level 1.7 Stealth
 + Level 3.7 Shields
 + Level 10.7 Spellcasting
 - Level 0.8 Transmutations
 + Level 11.7 Earth Magic


You had 14 spell levels left.
You knew the following spells:

 Your Spells              Type           Power        Failure   Level  Hunger
a - Sandblast             Erth           ######       1%          1    None
b - Stone Arrow           Conj/Erth      #####.       1%          3    None
c - Lee's Rapid Deconstr  Erth           ######....   1%          5    ####...
d - Petrify               Tmut/Erth      #####...     1%          4    None
e - Passwall              Tmut/Erth      #####...     1%          2    None
f - Blink                 Tloc           N/A          2%          2    None

Your spell library contained the following spells:

 Spells                   Type           Power        Failure   Level  Hunger
 Corona                   Hex            ##.....      1%          1    None
 Magic Dart               Conj           ##..         1%          1    None
 Leda's Liquefaction      Hex/Erth       #####.....   1%          4    None
 Call Imp                 Summ           ##......     2%          2    None
 Slow                     Hex            ##......     2%          2    None
 Conjure Flame            Conj/Fire      ##......     6%          3    None
 Inner Flame              Hex/Fire       ##......     6%          3    None
 Mephitic Cloud           Conj/Pois/Air  ##......     6%          3    None
 Portal Projectile        Hex/Tloc       ##....       6%          3    None
 Cause Fear               Hex            ##........   17%         4    None


Dungeon Overview and Level Annotations

Branches:
Dungeon (11/15)            Temple (0/1) D:7            Lair (0/6) D:8
    Orc: D:9-12

Annotations:
D:4 1 runed translucent door
D:9 2 transporters, barcode's ghost, journeyman GrAr


Innate Abilities, Weirdness & Mutations

You have an increased reservoir of magic. (+10% MP)


Message History

Aim: a death knight, wielding a +0 battleaxe and wearing a +0 chain mail (heavily wounded, covered in acid, reflecting injuries)
The bolt of acid hits the death knight!
The death knight is splashed with acid.
The death knight seems to be corroded for longer.
The death knight is severely wounded.
The now-empty wand crumbles to dust.
The death knight reflects your damage back at you!
The death knight hits you with a +0 battleaxe!!
Casting: Lee's Rapid Deconstruction (safe; 1% risk of failure)
Confirm with . or Enter, or press ? or * to list all spells.
Aiming: Lee's Rapid Deconstruction (safe; 1% risk of failure)
Press: ? - help, Dir - move target cursor, p - death knight A rock wall.
The wall shatters!
The blast of rock fragments hits the death knight!!
The death knight is almost dead.
The death knight reflects your damage back at you!
* * * LOW HITPOINT WARNING * * *
You are starving!
The death knight hits you with a +0 battleaxe!!!
You die...

....#.....##.....##.....#
....'......'............#
....##....##............#
....##....##.....##.....#
....##....'......########
..........######## .....#
..........##.....##.....#
..................'.....#
....##..........@p#.....#
######............#.....#
#............##.....#
##....##.....# .....#
########.....##.....#
#....<..............#
#...................#
#...................#
#...................#


You could see a death knight.

Vanquished Creatures
  Harold (D:9)
  2 two-headed ogres
  A skeletal warrior (D:10)
  Pikel (D:5)
  A phantasmal warrior (D:10)
  A cyclops (D:11)
  2 trolls
  2 hippogriffs
  2 wraiths
  A wyvern (D:9)
  A fire bat (D:6)
  2 hungry ghosts
  2 yaks (D:7)
  2 hogs (D:7)
  A human (D:7)
  An acid dragon (D:11)
  A water moccasin (D:7)
  2 porcupines (D:8)
  3 orc warriors
  3 slaves (D:5)
  A necrophage (D:8)
  A sky beast (D:5)
  2 ogres
  4 phantoms
  3 black bears (D:8)
  5 centaurs
  2 crocodiles (D:8)
  3 big kobolds
  2 bullfrogs (D:8)
  A wyvern zombie (D:7)
  A wyvern skeleton (D:8)
  Dowan (D:6)
  6 scorpions
  10 killer bees
  10 wights
  3 howler monkeys
  6 crimson imps
  2 bullfrog zombies
  A quasit (D:9)
  2 jellies
  6 hounds
  3 orc wizards
  2 orc priests (D:8)
  Crazy Yiuf (D:2)
  3 bullfrog skeletons
  2 centaur skeletons
  2 iguanas
  6 worker ants
  A hound zombie (D:11)
  A hound skeleton (D:7)
  A worker ant zombie (D:7)
  9 adders
  3 shadow imps
  An ooze (D:6)
  4 worms
  4 dart slugs
  6 leopard geckos
  15 orcs
  5 giant cockroaches
  11 goblins
  5 hobgoblins
  14 jackals
  8 quokkas
  A ball python (D:3)
  7 bats
  4 frilled lizards
  A giant cockroach zombie (D:5)
  16 kobolds
  10 rats
250 creatures vanquished.

Vanquished Creatures (others)
  23 fungi (D:8)
  2 plants (D:8)
25 creatures vanquished.

Grand Total: 275 creatures vanquished

Notes
Turn   | Place    | Note
-------+----------+-------------------------------------------
     0 | D:1      | Johnny the Demigod Earth Elementalist began the quest for
                  | the Orb.
     0 | D:1      | Reached XP level 1. HP: 14/14 MP: 5/5
   215 | D:1      | Reached skill level 3 in Earth Magic
   372 | D:1      | Reached XP level 2. HP: 18/20 MP: 7/7
  1367 | D:2      | Reached XP level 3. HP: 22/26 MP: 5/9
  1809 | D:2      | Found a runed translucent door.
  1810 | D:2      | Noticed Crazy Yiuf
  2043 | D:2      | Killed Crazy Yiuf
  2043 | D:2      | Reached XP level 4. HP: 16/33 MP: 7/11
  2216 | D:3      | Reached skill level 4 in Earth Magic
  2326 | D:3      | Reached XP level 5. HP: 32/38 MP: 4/13
  2398 | D:3      | Learned a level 3 spell: Stone Arrow
  2404 | D:3      | Learned a level 5 spell: Lee's Rapid Deconstruction
  2985 | D:3      | Found a sparkling altar of Nemelex Xobeh.
  2985 | D:3      | Found a sacrificial altar of Ru.
  3255 | D:3      | Found an iron altar of Okawaru.
  3423 | D:4      | You fall into a shaft and drop 2 floors!
  3574 | D:5      | Entered Level 5 of the Dungeon
  3590 | D:5      | Noticed a phantom
  3648 | D:5      | Killed a phantom
  3648 | D:5      | Reached skill level 5 in Earth Magic
  3648 | D:5      | Reached XP level 6. HP: 16/45 MP: 7/15
  3903 | D:5      | Reached XP level 7. HP: 18/50 MP: 1/17
  4024 | D:4      | Got a faintly glowing robe
  4047 | D:4      | Identified the +0 robe "Deush" {MR+} (You found it on level
                  | 4 of the Dungeon)
  4054 | D:4      | Found a hide-covered altar of Uskayaw.
  4058 | D:4      | Noticed a +0 hand axe
  4058 | D:4      | Noticed a +0 dagger
  4255 | D:4      | Found a glowing golden altar of the Shining One.
  4275 | D:4      | Reached skill level 5 in Spellcasting
  4334 | D:4      | Found a runed translucent door.
  4334 | D:4      | Noticed an angel
  4335 | D:4      | Found a glowing silver altar of Zin.
  4554 | D:5      | Reached skill level 6 in Earth Magic
  5583 | D:5      | Found a blossoming altar of Fedhas.
  5859 | D:6      | Noticed Pikel
  5884 | D:5      | Killed Pikel
  5884 | D:5      | Reached skill level 7 in Earth Magic
  5884 | D:5      | Reached XP level 8. HP: 23/57 MP: 0/21
  6106 | D:6      | Noticed Dowan
  6106 | D:6      | Noticed Duvessa
  6125 | D:6      | Killed Dowan
  6130 | D:6      | Noticed Duvessa
  6130 | D:6      | Duvessa changed into Duvessa the fire bat
  6131 | D:6      | Killed Duvessa the fire bat
  6309 | D:6      | Reached skill level 8 in Earth Magic
  6661 | D:6      | Noticed Blork the orc
  6663 | D:6      | Noticed Blork
  6663 | D:6      | Blork the orc changed into Blork the ooze
  6665 | D:6      | Killed Blork the ooze
  7080 | D:7      | Found a staircase to the Ecumenical Temple.
  7094 | D:7      | Reached XP level 9. HP: 60/62 MP: 15/24
  7703 | D:7      | Learned a level 4 spell: Petrify
  7706 | D:7      | Learned a level 2 spell: Passwall
  7730 | D:7      | Reached skill level 9 in Earth Magic
  8183 | D:8      | Found a sparkling altar of Nemelex Xobeh.
  8450 | D:8      | Reached skill level 10 in Earth Magic
  8561 | D:8      | Reached XP level 10. HP: 50/69 MP: 23/27
  8665 | D:8      | Found a staircase to the Lair.
  8902 | D:8      | Found a glowing silver altar of Zin.
  8902 | D:8      | Found a snail-covered altar of Cheibriados.
  8941 | D:8      | Found a basalt altar of Yredelemnul.
  8941 | D:8      | Found a radiant altar of Vehumet.
  9402 | D:9      | Noticed Harold
  9407 | D:9      | Killed Harold
  9686 | D:9      | Reached skill level 10 in Spellcasting
  9686 | D:9      | Reached skill level 11 in Earth Magic
 10135 | D:9      | Found a transporter.
 10138 | D:9      | Found a bloodstained altar of Trog.
 10138 | D:9      | Noticed a moth of wrath
 10138 | D:9      | Noticed barcode's ghost (journeyman GrAr)
 10148 | D:9      | Found a transporter.
 10148 | D:9      | Noticed a two-headed ogre
 10158 | D:9      | Noticed a two-headed ogre
 10159 | D:9      | Identified the +2 hand axe "Baul" {flame, rF++ rN+ Str+7}
 10159 | D:9      | Noticed a tengu warrior
 10261 | D:9      | Noticed a two-headed ogre
 10270 | D:9      | Killed a two-headed ogre
 10270 | D:9      | Reached skill level 1 in Shields
 10353 | D:9      | Found an ornate altar of the Wu Jian Council.
 10483 | D:10     | Entered Level 10 of the Dungeon
 10672 | D:10     | Noticed a two-headed ogre
 10678 | D:10     | Killed a two-headed ogre
 11213 | D:11     | Reached XP level 11. HP: 74/74 MP: 13/29
 11583 | D:11     | Learned a level 2 spell: Blink
 11814 | D:11     | Noticed a death knight
 11814 | D:11     | Noticed a skeletal warrior
 11834 | D:10     | Killed a skeletal warrior
 11924 | D:11     | Noticed a phantasmal warrior
 12103 | D:10     | Killed a phantasmal warrior
 12417 | D:11     | Demolished by a death knight

Levels and vault maps discovered:
D:1:      saegor_arrival_simple_a, layout_loops_cross, serial_aquarium,
          aquarium_bridge_long_joined [aquarium_subvault_wall,
          aquarium_subvault_window, aquarium_subvault_bridge,
          aquarium_subvault_wall, aquarium_subvault_bridge,
          aquarium_subvault_wall], aquarium_bridge_island_small
          [aquarium_subvault_small_open, aquarium_subvault_window,
          aquarium_subvault_bridge, aquarium_subvault_wall,
          aquarium_subvault_window], aquarium_window_1, aquarium_window_3,
          aquarium_view_2e, hex_tiny
D:2:      layout_basic, uniq_crazy_yiuf_cottage
D:3:      layout_rooms, okawaru_ov_weapons_minmay, grunt_temple_overflow_open,
          first_ration, hex_medium
D:4:      layout_gridville, dancing_weapons_uskayaw, overflow_temple_1_default,
          nrook_uturn, lemuel_angel_altar
D:5:      layout_basic, fedhas_altar_1
D:6:      wander_guarded_unrand_ratskin, layout_layer_cave, uniq_pikel,
          uniq_duvessa, uniq_blork_the_orc
D:7:      layout_basic, minmay_temple_entry_statues_pillars, serial_glass,
          glass_columns_c, glass_columns_b, item_on_display_a, feat_on_display,
          minmay_strange_pillars, grunt_livestock, minivault_10
D:8:      layout_rooms, grunt_temple_overflow_cloverleaf,
          due_lair_maze_entry_diamond, basic_altar
D:9:      layout_small_grid, kennysheep_mini, gammafunk_ghost_wrathful_warriors,
          uniq_harold
D:10:     layout_roguey
D:11:     layout_gridville, kennysheep_boxes

Skill      XL: |  1  2  3  4  5  6  7  8  9 10 11 |
---------------+----------------------------------+-----
Spellcasting   | 2 3 4 6 7 9 10 | 10.7
Earth Magic    | 3 4 5 7 8 10 11 | 11.7
Shields        | 2 3 |  3.7
Dodging        | |  1.7
Stealth        | |  1.7
Transmutations | |  0.8

Action                   |  1- 3 |  4- 6 |  7- 9 | 10-12 || total
-------------------------+-------+-------+-------+-------++-------
Melee: Spear             |    68 |    36 |       |       ||   104
       Mace              |       |    31 |    30 |       ||    61
       Short sword       |       |       |    45 |       ||    45
       Whip              |       |       |   112 |    62 ||   174
Throw: Stone             |       |       |     3 |       ||     3
 Cast: Sandblast         |    30 |    63 |    76 |    50 ||   219
       Stone Arrow       |       |    13 |    23 |    35 ||    71
       Lee's Rapid Decon |       |       |    16 |    35 ||    51
       Passwall          |       |       |     2 |       ||     2
       Blink             |       |       |       |     6 ||     6
Evoke: Wand              |       |       |     3 |     2 ||     5
  Use: Scroll            |       |     6 |    15 |     8 ||    29
       Potion            |       |     1 |     1 |       ||     2
 Stab: Sleeping          |    12 |     5 |     5 |     3 ||    25
  Eat: Chunk             |     3 |     5 |    18 |     8 ||    34
       Ration            |       |     1 |       |     2 ||     3
Armor: Robe              |    10 |    31 |    91 |    32 ||   164
Dodge: Dodged            |    32 |    98 |   213 |    60 ||   403
Block: Buckler           |       |       |       |     1 ||     1
